 Dungeon Crawl Stone Soup version 0.30-a0-779-g7971cf19c3 (webtiles) character file.

Game seed: 15093704525129385091

10 Esekla the Sneak (level 2, 12/21 HPs)
             Began as an Octopode Delver on Feb 17, 2023.
             Quit the game on level 5 of the Dungeon.
             The game lasted 00:00:48 (50 turns).

Esekla the Sneak (Octopode Delver)                    Turns: 50, Time: 00:00:48

Health: 12/21      AC:  1    Str: 11    XL:     2   Next: 20%
Magic:  2/2        EV: 13    Int: 12    God:
Gold:   0          SH:  0    Dex: 13    Spells: 1/1 levels left

rFire   . . .      SeeInvis .    a - +0 falchion
rCold   . . .      Faith    .    (no shield)
rNeg    . . .      Spirit   .    (helmet restricted)
rPois   .          Reflect  .    (no amulet)
rElec   .          Harm     .    (no ring)
rCorr   .          Rampage  .    (no ring)
Will    .....                    (no ring)
Stlth   ++++                     (no ring)
HPRegen 0.23/turn                (no ring)
MPRegen 0.08/turn                (no ring)
                                 (no ring)
                                 (no ring)

@: no status effects
A: almost no armour, amphibious, 8 rings, camouflage 1, gelatinous body 1,
(nimble swimmer 1), tentacles
a: no special abilities


You were on level 5 of the Dungeon.
You visited 1 branch of the dungeon, and saw 1 of its levels.

Inventory:

Hand Weapons
 a - a +0 falchion (weapon)
Wands
 f - a wand of digging (3)
Scrolls
 b - a scroll of fog
 d - a scroll of fear
Potions
 e - a potion of haste
 g - a potion of heal wounds {unknown}


   Skills:
 * Level 3.1 Fighting
 * Level 2.1 Long Blades
 * Level 2.1 Dodging
 + Level 6.9 Stealth
 * Level 0.3 Spellcasting


You had one spell level left.
You didn't know any spells.
Your spell library was empty.

Dungeon Overview and Level Annotations

Branches:
Dungeon (5/15)
 Temple: D:4-7

Altars:


Innate Abilities, Weirdness & Mutations

You cannot wear most types of armour.
You are amphibious.
You can wear up to eight rings at the same time.
Your skin changes colour to match your surroundings (Stealth+).
Your rubbery body absorbs attacks. (AC +1, EV +1)
((You are camouflaged when in or above water. (Stealth+)))
You have tentacles for arms and can constrict up to eight enemies at once.


Message History

You feel aware of your surroundings.
You sensed 1 shop/portal. 2 orcs come into view.
An orc comes into view. It is wielding a +0 flail.
The orc shouts! x2; You hear a shout! x2
An orc comes into view. It is wielding a +0 hand axe.
The orc moves out of view.
An orc comes into view. It is wielding a +0 whip.
You hit the orc. You grab the orc.
The orc is severely wounded.
You constrict the orc, but do no damage.
The orc hits you with a +0 flail!
Ouch! That really hurt!
You hit the orc.
You kill the orc!
An iguana comes into view.
You closely miss the orc. Your grab misses the orc. The orc misses you.
You hit the orc but do no damage. Your grab misses the orc.
You squeeze the orc.
The orc is moderately wounded.
The orc hits you with a +0 hand axe.
You hit the orc.
You kill the orc!
The orc hits you with a +0 club.
You hit the orc.
You kill the orc!
You hit the orc. You grab the orc. You squeeze the orc.
The orc is severely wounded.
You constrict the orc. The orc misses you.
You hit the orc.
You kill the orc!
You have reached level 2!
You hit the orc. You grab the orc.
The orc is lightly wounded.
You constrict the orc. The orc misses you.
You hit the orc but do no damage. You squeeze the orc.
You kill the orc!
Items here: )))) [[[ ††.
You start resting.
You hear the slow rusting of a very distant drain.
Are you sure you want to abandon this character and quit the game? (Confirm with "yes".)

*,* ###....##
**,,,,,,** *,, *****,*
#...o# *,,,,,*** *,,
,,,**,* #....# *#...***
*,* ,,,**,* ###..#
#...#* *,* ,,,,,,*
****##.####...# ***
,,,**** *,,,*#...##...#
* ,,,* *,,,*###.#...#*
*** ,,,******,,,*
#)#...# *,,
,,,,,,>**,..####@#..###
*****
******,**...........#.#
*,*
,,,,,*,**.######.##.#.#
**,** ****,*,**,*
#..#...# ***,,,*
*,*,**,*
##..>.##***,,,***
*,*,**,* ###.##**,,,***
*,*,**,* #.# *,,,**
*<*,**,* #.# **,,,***
*,*,**,* #<# ***,,,***


There were no monsters in sight!

Vanquished Creatures
  5 orcs (D:5)
5 creatures vanquished.

Notes
Turn   | Place    | Note
-------+----------+-------------------------------------------
     0 | D:5      | Esekla the Octopode Delver began the quest for the Orb.
     0 | D:5      | Reached XP level 1. HP: 16/16 MP: 1/1
    24 | D:5      | Noticed an iguana
    44 | D:5      | Reached XP level 2. HP: 10/21 MP: 2/2
    50 | D:5      | Quit the game

Illustrated notes

Levels and vault maps discovered:
D:5:      layout_basic, serial_curves, eino_curves_03, eino_curves_04,
          portal_sewer_entry_c

Action                     || total
---------------------------++-------
  Melee: Falchion          ||    10
         Constrict         ||     3
         Tentacles         ||     3
    Use: Scroll            ||     1
  Dodge: Dodged            ||     3

Table legend: (Time is in decaauts)
 A = Elapsed time spent in this place.
 B = Non-inter-level travel time spent in this place.
 C = Inter-level travel time spent in this place.
 D = Time resting spent in this place.
 E = Time spent auto-exploring this place.
 F = Levels seen in this place.
 G = Mean time per level.
                   A        B        C        D        E       F      G
               +--------+--------+--------+--------+--------+-----+--------+
         Total |     52 |     52 |      0 |      2 |      0 |   1 |   52.0 |
       Dungeon |     52 |     52 |      0 |      2 |      0 |   1 |   52.0 |
               +--------+--------+--------+--------+--------+-----+--------+

Top non-repeatable levels by time:
     D:5: 52 daAuts
